AoeStats
← Chigüiro

Arena

509794882Analyzed
4v4 RM · 3d ago on Sep 28, 2026· 25m 28s· 8 players
Game mode
Random Map
Map size
Large (8 player)
Population
200
Speed
Normal
Resources
Standard
Victory
Conquest
Starting age
Dark Age
Ending age
Imperial Age
RankedLock teamsTeams togetherTeam positionsShared explorationLock speedFull tech treeHidden civsTurbo modeCheats
Victory
Defeat
🇨🇴 Japanese · Colombia
1534
+11
🇺🇸 Khmer · United States
1489
+13
🇺🇸 Danes · United States
1488
+13
🇵🇪 Mongols · Peru
1488
+13
1521
-16
🇯🇵 Mongols · Japan
1420
-12
1390
-11
🇨🇳 Spanish · China
1376
-11
TEUTONEN(儒门学习版)
12:28 Feudal Age
13:09 Double-Bit Axe
13:05 Horse Collar
16:10 Castle Age
16:07 Wheelbarrow
21:01 Bow Saw
21:46 Heavy Plow
棉花糖
10:59 Feudal Age
12:24 Loom
12:30 Town Watch
14:49 Castle Age
12:47 Double-Bit Axe
14:11 Horse Collar
14:58 Loom
16:12 Bow Saw
19:53 Town Watch
Nekomi
10:57 Feudal Age
11:30 Double-Bit Axe
14:36 Castle Age
12:31 Horse Collar
15:47 Bow Saw
17:07 Wheelbarrow
21:53 Heavy Plow
22:01 Stone Mining
23:28 Hand Cart
23:37 Town Watch
遥かに仰ぎ,麗しの
8:28 Loom
10:13 Feudal Age
12:31 Fletching
18:08 Castle Age
18:48 Double-Bit Axe
18:45 Horse Collar
21:25 Scale Mail Armor
25:52 Wheelbarrow
NoobProElite
9:42 Feudal Age
10:12 Horse Collar
10:18 Double-Bit Axe
12:13 Wheelbarrow
14:48 Castle Age
16:08 Bow Saw
15:59 Heavy Plow
15:52 Loom
20:36 Hand Cart
21:27 Coinage
24:01 Gold Mining
24:20 Stone Mining
25:43 Gold Shaft Mining
TestofOne
10:38 Feudal Age
12:25 Wheelbarrow
14:40 Castle Age
13:36 Fletching
14:48 Double-Bit Axe
19:07 Loom
26:26 Imperial Age
24:47 Bow Saw
25:22 Gold Mining
25:36 Bodkin Arrow
Chigüiro
0:27 Loom
10:38 Feudal Age
14:38 Castle Age
12:36 Horse Collar
13:31 Double-Bit Axe
16:42 Fletching
17:32 Bodkin Arrow
21:49 Ballistics
22:24 Bow Saw
Kaanan
4:43 Loom
7:30 Feudal Age
8:11 Double-Bit Axe
11:43 Horse Collar
14:25 Fletching
15:49 Town Watch
23:13 Castle Age
24:39 Wheelbarrow
24:38 Bow Saw
26:20 Hand Cart
Connection lost

Rejoining the realm…

Still unreachable

The connection could not be restored.

Session expired

The server has moved on; the page needs a fresh start.